PIO (24 & UNDER)
JASPER COUGARS @ SEATTLE RAINIERS
08/20/2026
 
TOP OF THE 1ST
Jasper Cougars batting - Pitching for Seattle Rainiers : RHP Brandon Sweet
Pitching: RHP Brandon Sweet
Batting: SHB Carlos Córdova 0-0: Called Strike
0-1: Ball
1-1: Foul Ball, location: 2F
1-2: Strikes out swinging
Batting: LHB António Camacho 0-0: Ball
1-0: Fly out, F5 (Popup, 5DF)
Batting: RHB David Hernández 0-0: Ball
1-0: Ball
2-0: Ball
3-0: Called Strike
3-1: Fly out, F3 (Popup, 13S)
Top of the 1st over - 0 run(s), 0 hit(s), 0 error(s), 0 left on base; Jasper 0 - Seattle 0
BOTTOM OF THE 1ST
Seattle Rainiers batting - Pitching for Jasper Cougars : RHP José Orozco
Pitching: RHP José Orozco
Batting: RHB Enrique Mendoza 0-0: Ball
1-0: Swinging Strike
1-1: Bunt for hit - play at first, batter safe!
Batting: RHB Alfredo Farías 0-0: Ball
1-0: Grounds into double play, 4-6-3 (Groundball, 4)
Batting: LHB Alan Moore 0-0: Ball
1-0: Foul Ball, location: 2F
1-1: SINGLE (Line Drive, 4D)
Batting: RHB António Martínez 0-0: Ball
1-0: Swinging Strike
1-1: Foul Ball, location: 2F
1-2: Ball
2-2: Ball
3-2: Strikes out swinging
Bottom of the 1st over - 0 run(s), 2 hit(s), 0 error(s), 1 left on base; Jasper 0 - Seattle 0
TOP OF THE 2ND
Jasper Cougars batting - Pitching for Seattle Rainiers : RHP Brandon Sweet
Batting: SHB Ron Edwards 0-0: Called Strike
0-1: Called Strike
0-2: Fly out, F9 (Flyball, 9M)
Batting: RHB George Reeves 0-0: Swinging Strike
0-1: Ball
1-1: Ground out 6-3 (Groundball, 6M)
Batting: LHB Jon Rogers 0-0: Called Strike
0-1: Ball
1-1: SINGLE (Groundball, 56)
Batting: LHB David Adams 0-0: Ball
Jon Rogers steals 2nd base
1-0: Ball
2-0: Ball
3-0: Base on Balls
Batting: RHB José Maldonado 0-0: Ball
1-0: Called Strike
1-1: Ball
2-1: Swinging Strike
2-2: Ball
3-2: Foul Ball, location: 2F
3-2: Fly out, F9 (Flyball, 89M)
Top of the 2nd over - 0 run(s), 1 hit(s), 0 error(s), 2 left on base; Jasper 0 - Seattle 0
BOTTOM OF THE 2ND
Seattle Rainiers batting - Pitching for Jasper Cougars : RHP José Orozco
Batting: LHB Will Hill 0-0: Called Strike
0-1: Swinging Strike
0-2: Ball
1-2: Foul Ball, location: 2F
1-2: Strikes out looking
Batting: RHB Howard Russell 0-0: Called Strike
0-1: Ball
1-1: Called Strike
1-2: Ball
2-2: Foul Ball, location: 2F
2-2: Ball
3-2: Ground out 1-3 (Groundball, 13S)
Batting: LHB Mike White 0-0: SINGLE (Line Drive, 6D)
Batting: RHB Albert Cordero 0-0: Ball
1-0: Foul Ball, location: 2F
1-1: Foul Ball, location: 2F
1-2: Ball
2-2: Strikes out swinging
Bottom of the 2nd over - 0 run(s), 1 hit(s), 0 error(s), 1 left on base; Jasper 0 - Seattle 0
TOP OF THE 3RD
Jasper Cougars batting - Pitching for Seattle Rainiers : RHP Brandon Sweet
Batting: LHB John Stone 0-0: Ball
1-0: Bunted foul
1-1: Swinging Strike
1-2: Foul Ball, location: 2F
1-2: Fly out, F8 (Line Drive, 8LM)
Batting: SHB Carlos Córdova 0-0: Swinging Strike
0-1: Ball
1-1: Called Strike
1-2: Strikes out looking
Batting: LHB António Camacho 0-0: Called Strike
0-1: Foul Ball, location: 2F
0-2: Ball
1-2: Strikes out swinging
Top of the 3rd over - 0 run(s), 0 hit(s), 0 error(s), 0 left on base; Jasper 0 - Seattle 0
BOTTOM OF THE 3RD
Seattle Rainiers batting - Pitching for Jasper Cougars : RHP José Orozco
Batting: RHB John Hill 0-0: Fly out, F9 (Flyball, 9LD)
Batting: RHB Enrique Mendoza 0-0: Bunt for hit - play at first, batter safe!
Batting: RHB Alfredo Farías 0-0: Ball
Enrique Mendoza steals 2nd base
1-0: Ball
Enrique Mendoza steals 3rd base
2-0: 2-RUN HOME RUN (Line Drive, 7D), Distance : 398 ft
Batting: LHB Alan Moore 0-0: Ball
1-0: Fly out, F8 (Flyball, 8RM)
Batting: RHB António Martínez 0-0: Fly out, F6 (Popup, 6M)
Bottom of the 3rd over - 2 run(s), 2 hit(s), 0 error(s), 0 left on base; Jasper 0 - Seattle 2
TOP OF THE 4TH
Jasper Cougars batting - Pitching for Seattle Rainiers : RHP Brandon Sweet
Batting: RHB David Hernández 0-0: SINGLE (Groundball, 6M)
Batting: SHB Ron Edwards 0-0: Ball
1-0: Foul Ball, location: 2F
1-1: Ball
2-1: Foul Ball, location: 2F
2-2: Foul Ball, location: 2F
2-2: Strikes out swinging
Batting: RHB George Reeves 0-0: Ball
1-0: Called Strike
1-1: Called Strike
1-2: Fly out, F8 (Flyball, 78M)
Batting: LHB Jon Rogers 0-0: Called Strike
0-1: Ground out 3-1 (Groundball, 34)
Top of the 4th over - 0 run(s), 1 hit(s), 0 error(s), 1 left on base; Jasper 0 - Seattle 2
BOTTOM OF THE 4TH
Seattle Rainiers batting - Pitching for Jasper Cougars : RHP José Orozco
Batting: LHB Will Hill 0-0: Foul Ball, location: 2F
0-1: Fly out, F8 (Flyball, 8LD)
Batting: RHB Howard Russell 0-0: Foul Ball, location: 2F
0-1: Ground out 6-3 (Groundball, 6)
Batting: LHB Mike White 0-0: Ball
1-0: Ball
2-0: Called Strike
2-1: Foul Ball, location: 2F
2-2: Foul Ball, location: 2F
2-2: Strikes out swinging
Bottom of the 4th over - 0 run(s), 0 hit(s), 0 error(s), 0 left on base; Jasper 0 - Seattle 2
TOP OF THE 5TH
Jasper Cougars batting - Pitching for Seattle Rainiers : RHP Brandon Sweet
Batting: LHB David Adams 0-0: Foul Ball, location: 2F
0-1: Ball
1-1: Ball
2-1: Swinging Strike
2-2: Strikes out swinging
Batting: RHB José Maldonado 0-0: Ball
1-0: Foul Ball, location: 2F
1-1: Ball
2-1: Foul Ball, location: 2F
2-2: Ball
3-2: Strikes out looking
Batting: LHB John Stone 0-0: Swinging Strike
0-1: Called Strike
0-2: Ground out 4-3 (Groundball, 4)
Top of the 5th over - 0 run(s), 0 hit(s), 0 error(s), 0 left on base; Jasper 0 - Seattle 2
BOTTOM OF THE 5TH
Seattle Rainiers batting - Pitching for Jasper Cougars : RHP José Orozco
Batting: RHB Albert Cordero 0-0: Ground out 5-3 (Groundball, 56)
Batting: RHB John Hill 0-0: Ball
1-0: Ball
2-0: Ground out U3 (Groundball, 3S)
Batting: RHB Enrique Mendoza 0-0: Ground out 4-3 (Groundball, 4)
Bottom of the 5th over - 0 run(s), 0 hit(s), 0 error(s), 0 left on base; Jasper 0 - Seattle 2
TOP OF THE 6TH
Jasper Cougars batting - Pitching for Seattle Rainiers : RHP Brandon Sweet
Batting: SHB Carlos Córdova 0-0: SINGLE (Flyball, 78S)
Batting: LHB António Camacho 0-0: Called Strike
Carlos Córdova steals 2nd base
0-1: Foul Ball, location: 2F
0-2: Foul Ball, location: 2F
0-2: Foul Ball, location: 2F
0-2: Ball
1-2: Foul Ball, location: 2F
1-2: Foul Ball, location: 2F
1-2: Ground out U3 (Groundball, 3L)
Carlos Córdova to third
Batting: RHB David Hernández 0-0: Called Strike
0-1: Foul Ball, location: 2F
0-2: Ball
1-2: Fly out, F4 (Popup, 4MD)
Batting: SHB Ron Edwards 0-0: Ball
1-0: Called Strike
1-1: Ball
2-1: Foul Ball, location: 2F
Single, Error in OF, E9, batter to second base
Carlos Córdova scores
Pitching: RHP Dani Vásquez
Batting: RHB George Reeves 0-0: Ball
1-0: Called Strike
1-1: Ball
2-1: Called Strike
2-2: Foul Ball, location: 2F
2-2: Strikes out swinging
Top of the 6th over - 1 run(s), 2 hit(s), 1 error(s), 1 left on base; Jasper 1 - Seattle 2
BOTTOM OF THE 6TH
Seattle Rainiers batting - Pitching for Jasper Cougars : RHP José Orozco
Batting: RHB Alfredo Farías 0-0: Ball
1-0: SINGLE (Groundball, 6MD)
Batting: LHB Alan Moore 0-0: Ball
1-0: Ball
2-0: Grounds into double play, 4-6-3 (Groundball, 34)
Batting: RHB António Martínez 0-0: Called Strike
0-1: Fly out, F7 (Flyball, 7D)
Bottom of the 6th over - 0 run(s), 1 hit(s), 0 error(s), 0 left on base; Jasper 1 - Seattle 2
TOP OF THE 7TH
Jasper Cougars batting - Pitching for Seattle Rainiers : RHP Dani Vásquez
Batting: LHB Jon Rogers 0-0: Foul Ball, location: 2F
0-1: Ball
1-1: Ground out 4-3 (Groundball, 4D)
Batting: LHB David Adams 0-0: Foul Ball, location: 2F
0-1: Ball
1-1: Foul Ball, location: 2F
1-2: Ball
2-2: Strikes out swinging
Batting: RHB José Maldonado 0-0: Ball
1-0: Ball
2-0: Foul Ball, location: 2F
2-1: Foul Ball, location: 2F
2-2: Strikes out looking
Top of the 7th over - 0 run(s), 0 hit(s), 0 error(s), 0 left on base; Jasper 1 - Seattle 2
BOTTOM OF THE 7TH
Seattle Rainiers batting - Pitching for Jasper Cougars : RHP José Orozco
Batting: LHB Will Hill 0-0: Ball
1-0: Called Strike
1-1: Ball
2-1: Ground out 5-3 (Groundball, 5S)
Batting: RHB Howard Russell 0-0: Ground out 3-1 (Groundball, 34S)
Batting: LHB Mike White 0-0: Ball
1-0: Called Strike
1-1: Foul Ball, location: 2F
1-2: Ball
2-2: Strikes out swinging
Bottom of the 7th over - 0 run(s), 0 hit(s), 0 error(s), 0 left on base; Jasper 1 - Seattle 2
TOP OF THE 8TH
Jasper Cougars batting - Pitching for Seattle Rainiers : RHP Dani Vásquez
Pitching: RHP Jimmy Banks
Batting: LHB John Stone 0-0: Ball
1-0: Foul Ball, location: 2F
1-1: Called Strike
1-2: Strikes out swinging
Pitching: LHP William Gordon
Batting: SHB Carlos Córdova 0-0: Ball
1-0: SINGLE (Flyball, 8RS)
Pinch Hitting: RHB Bob Cole 0-0: Ball
1-0: Grounds into double play, 6-4-3 (Groundball, 6M)
Top of the 8th over - 0 run(s), 1 hit(s), 0 error(s), 0 left on base; Jasper 1 - Seattle 2
BOTTOM OF THE 8TH
Seattle Rainiers batting - Pitching for Jasper Cougars : RHP José Orozco
Now in LF: Jon Scott
Batting: RHB Albert Cordero 0-0: Ball
1-0: Swinging Strike
1-1: Ball
2-1: Ball
3-1: Foul Ball, location: 2F
3-2: Base on Balls
Pinch Hitting: RHB Vincent Braun 0-0: Called Strike
0-1: Called Strike
0-2: Fly out, F8 (Flyball, 8LM)
Batting: RHB Enrique Mendoza 0-0: Ball
1-0: Ball
2-0: Foul Ball, location: 2F
2-1: SINGLE (Line Drive, 78S)
Albert Cordero to second
Pitching: LHP Alfredo Maestas
Pinch Runner at 2nd Jorge Colón:
Pinch Hitting: RHB Jeremiah Soto 0-0: Ball
1-0: Foul Ball, location: 2F
1-1: Ball
2-1: Ground out 5-3 (Groundball, 5L)
Jorge Colón to third
Enrique Mendoza to second
Pinch Hitting: RHB Jacob Hill 0-0: Ball
1-0: Called Strike
1-1: Ball
2-1: Foul Ball, location: 2F
2-2: Foul Ball, location: 2F
2-2: Ball
3-2: Foul Ball, location: 2F
3-2: Foul Ball, location: 2F
3-2: Base on Balls
Batting: RHB António Martínez 0-0: Called Strike
0-1: Swinging Strike
0-2: Ball
1-2: Strikes out swinging
Bottom of the 8th over - 0 run(s), 1 hit(s), 0 error(s), 3 left on base; Jasper 1 - Seattle 2
TOP OF THE 9TH
Jasper Cougars batting - Pitching for Seattle Rainiers : LHP William Gordon
Pitching: RHP Raúl Salsa
Now at 1B: Jacob Hill
Now at 3B: José Romo
Now at SS: Emílio Cervantes
Batting: RHB David Hernández 0-0: Fly out, F8 (Flyball, 8LXD)
Batting: SHB Ron Edwards 0-0: DOUBLE (Groundball, 3L)
Batting: RHB George Reeves 0-0: Ball
1-0: Ball
2-0: Ball
3-0: Base on Balls
Pinch Hitting: LHB Kyle Harrison 0-0: Ball
1-0: Swinging Strike
1-1: Foul Ball, location: 2F
1-2: Foul Ball, location: 2F
1-2: Strikes out swinging
Batting: LHB David Adams 0-0: Ball
1-0: Ball
2-0: Fly out, F7 (Flyball, 7S)
Top of the 9th over - 0 run(s), 1 hit(s), 0 error(s), 2 left on base; Jasper 1 - Seattle 2
Monday, December 5th, 2016 - OOTP Baseball 17.12 Build 75